 Dungeon Crawl Stone Soup version 0.29.1-12-g30fa7ad0bf (webtiles) character file.

Game seed: 11186917064896512196

74 cheesebisquit the Chopper (level 4, 0/40 HPs)
             Began as a Minotaur Berserker on Jan 2, 2023.
             Was a Believer of Trog.
             Slain by a gnoll
             ... wielding a +0 club
              (7 damage)
             ... on level 3 of the Dungeon.
             The game lasted 00:07:27 (1662 turns).

cheesebisquit the Chopper (Minotaur Berserker)      Turns: 1662, Time: 00:07:28

Health: 0/40       AC:  6    Str: 23    XL:     4   Next: 10%
Magic:  3/3        EV: 11    Int:  4    God:    Trog [**....]
Gold:   149        SH:  0    Dex: 10    Spells: 3/3 levels left

rFire   . . .      SeeInvis .   a - +0 hand axe
rCold   . . .      Faith    .   (no shield)
rNeg    . . .      Spirit   .   c - +0 ring mail
rPois   .          Reflect  .   (helmet restricted)
rElec   .          Harm     .   (no cloak)
rCorr   .          Rampage  .   f - +0 pair of gloves
Will    ++...                   (no boots)
Stlth   ..........              (no amulet)
HPRegen 1.13/turn               (no ring)
MPRegen 0.08/turn               (no ring)

@: lethally poisoned (0 -> -3), strong-willed, attractive, flying, regenerating
A: horns 2, retaliatory headbutt
a: Renounce Religion, Berserk, Trog's Hand


You were on level 3 of the Dungeon.
You worshipped Trog.
Trog was pleased with you.
You visited 1 branch of the dungeon, and saw 3 of its levels.

You collected 149 gold pieces.

Inventory:

Hand Weapons
 a - a +0 hand axe (weapon)
Missiles
 m - 6 poisoned darts (quivered)
 n - a throwing net
Armour
 c - a +0 ring mail (worn)
 f - a +0 pair of gloves (worn)
Scrolls
 d - 6 scrolls of vulnerability {unknown}
 g - a scroll of identify {unknown}
 h - a scroll of poison {unknown}
 i - 2 scrolls of enchant armour {unknown}
 j - a scroll of fear {unknown}
 o - a scroll of teleportation {unknown}
 q - a scroll of butterflies {unknown}
Potions
 b - a potion of attraction
 k - a potion of experience {unknown}
 l - a potion of lignification {unknown}
 p - a potion of curing {unknown}


   Skills:
 - Level 3.8 Fighting
 + Level 5.6 Axes
 - Level 2.7 Armour
 - Level 2.4 Dodging


You had 3 spell levels left.
You didn't know any spells.
Your spell library was empty.

Dungeon Overview and Level Annotations

Branches:
Dungeon (3/15)

Altars:


Innate Abilities, Weirdness & Mutations

You have a pair of horns on your head.
You reflexively headbutt those who attack you in melee.


Message History

You kill the goblin!
Trog accepts your kill.
You barely miss the gnoll. You hit the gnoll.
The gnoll hits you but does no damage. The gnoll hits you with a +0 whip.
The gnoll hits you but does no damage.
You are poisoned.
You barely miss the gnoll. You headbutt the gnoll.
The gnoll is lightly wounded.
You hit the gnoll.
You feel sick. The gnoll barely misses you. x3
You hit the gnoll. You headbutt the gnoll.
The gnoll is almost dead.
You barely miss the gnoll.
You feel sick. The gnoll hits you with a +0 whip. The gnoll closely misses you.
You furiously retaliate!
You headbutt the gnoll. The gnoll completely misses you.
The gnoll barely misses you. The gnoll closely misses you.
The gnoll hits you from afar with a +1 spear of venom!
Your skin crawls.
You feel strong-willed.
You feel sick. The gnoll hits you with a +0 club. The gnoll barely misses you.
You furiously retaliate!
You headbutt the gnoll.
The gnoll hits you from afar with a +1 spear of venom.
You are more poisoned.
Okay, then.
Okay, then.
It was a potion of attraction.
You feel attractive to monsters.
* * * LOW HITPOINT WARNING * * *
You feel very sick. The gnoll barely misses you. You furiously retaliate!
You headbutt the gnoll.
You kill the gnoll!
Trog accepts your kill. The gnoll hits you but does no damage.
The gnoll barely misses you.
You have reached level 4!
You feel agile.
It was a potion of flight.
You feel very buoyant.
You fly up into the air.
You feel very sick. The gnoll barely misses you.
The gnoll hits you with a +0 club!
You die...

.##.....†..<........#
......######.####.###
.####....>.#.#....#
>. ###....#...####
#....#...#
#........###
#.....#....#
##+##.#.##.##
#####8@8# #ggg##
.....## #..>..#
##8.8# ####


You could see 3 gnolls.

Vanquished Creatures
  2 gnolls
  A worm (D:3)
  3 ball pythons (D:1)
  7 bats
  5 endoplasms
  2 giant cockroaches (D:2)
  4 goblins
  6 hobgoblins
  4 jackals
  5 kobolds
  2 quokkas (D:2)
  2 frilled lizards
  3 rats
46 creatures vanquished.

Notes
Turn   | Place    | Note
-------+----------+-------------------------------------------
     0 | D:1      | cheesebisquit the Minotaur Berserker began the quest for
                  | the Orb.
     0 | D:1      | Reached XP level 1. HP: 19/19 MP: 0/0
   114 | D:1      | Reached XP level 2. HP: 19/27 MP: 1/1
   266 | D:1      | Reached skill level 4 in Axes
   597 | D:1      | Reached XP level 3. HP: 33/33 MP: 2/2
  1092 | D:2      | Reached skill level 5 in Axes
  1097 | D:2      | Reached ** piety under Trog
  1662 | D:3      | Reached XP level 4. HP: 9/40 MP: 3/3
  1662 | D:3      | Slain by a gnoll

Illustrated notes

Levels and vault maps discovered:
D:1:      ebering_hopf_link, layout_basic, serial_rivers,
          chequers_serial_rivers_small_3, chequers_serial_rivers_micro_a,
          chequers_serial_rivers_room_b, chequers_serial_rivers_micro_c,
          chequers_serial_rivers_small_b, nicolae_kite_square_tiling_tiny
D:2:      minmay_alternating_diamond, layout_rooms, dk_noncrumbling_3
D:3:      layout_rooms, nicolae_overflow_ecumenical_swirl,
          shapermc_ecumenical_altar_mp_vishouse, grunt_ministairs_8, uniq_ijyb

Skill      XL: |  1  2  3 |
---------------+----------+-----
Axes           | 4 5 |  5.6
Fighting       | |  3.8
Armour         | |  2.7
Dodging        | |  2.4

Action                   |  1- 3 |  4- 6 || total
-------------------------+-------+-------++-------
Melee: Hand axe          |    91 |       ||    91
       Headbutt          |    15 |       ||    15
Invok: Trog's Hand       |     1 |       ||     1
  Use: Potion            |     1 |     1 ||     2
Armor: Ring mail         |    49 |       ||    49
Dodge: Dodged            |    68 |     1 ||    69
